 Dungeon Crawl Stone Soup version 0.28-a0-1190-g77e1c55843 (webtiles) character file.

Game seed: 4676144044823298154

110 enile the Shield-Bearer (level 4, -2/29 HPs)
             Began as an Octopode Wanderer on Dec 19, 2021.
             Slain by Ijyb (6 damage)
             ... on level 3 of the Dungeon.
             The game lasted 00:04:08 (2715 turns).

enile the Shield-Bearer (Octopode Wanderer)         Turns: 2715, Time: 00:04:09

Health: -2/29      AC: -3    Str: 13    XL:     4   Next: 91%
Magic:  7/7        EV: 12    Int: 13    God:
Gold:   129        SH:  7    Dex: 12    Spells: 3/7 levels left

rFire   . . .      SeeInvis .   e - +1 dagger (protect)
rCold   . . .      Faith    .   d - +2 buckler
rNeg    . . .      Spirit   .   c - +0 hat
rPois   .          Reflect  .   (no amulet)
rElec   .          Harm     .   (no ring)
rCorr   .          Rampage  .   (no ring)
Will    .....                   (no ring)
Stlth   +++.......              (no ring)
HPRegen 0.09/turn               (no ring)
MPRegen 0.10/turn               (no ring)
                                (no ring)
                                (no ring)

@: corroded, attractive, flying, invisible
A: almost no armour, amphibious, 8 rings, camouflage 1, gelatinous body 1,
(nimble swimmer 1), tentacles
a: no special abilities


You were on level 3 of the Dungeon.
You visited 1 branch of the dungeon, and saw 3 of its levels.

You collected 129 gold pieces.

Inventory:

Hand Weapons
 a - a +0 dagger
 e - a +1 dagger of protection (weapon)
Armour
 c - a +0 hat (worn)
 d - a +2 buckler (worn)
 m - a +0 hat
Wands
 j - a wand of digging (5)
Scrolls
 f - 4 scrolls of identify {unknown}
 k - a scroll of noise {unknown}
 q - a scroll of holy word {unknown}
Potions
 b - a potion of lignification
 h - 2 potions of degeneration {unknown}
 i - 2 potions of heal wounds {unknown}
 o - 2 potions of brilliance {unknown}
 p - a potion of cancellation {unknown}


   Skills:
 + Level 2.0 Fighting
 - Level 1.0 Short Blades
 - Level 4.0 Stealth
 - Level 5.0 Shields
 - Level 2.0 Spellcasting
 - Level 2.0 Conjurations
 - Level 2.0 Earth Magic


You had 3 spell levels left.
You knew the following spells:

 Your Spells              Type           Power      Damage    Failure   Level
a - Searing Ray           Conj           12%        2d4       17%         2
b - Passwall              Tmut/Erth      2%         N/A       26%         2

Your spell library contained the following spells:

 Spells                   Type           Power      Damage    Failure   Level
 Magic Dart               Conj           24%        1d4       11%         1
 Sandblast                Erth           12%        2d6       11%         1
 Stone Arrow              Conj/Erth      12%        3d7       32%         3
 Call Canine Familiar     Summ           1%         N/A       58%         3
 Portal Projectile        Hex/Tloc       2%         N/A       58%         3
 Fulminant Prism          Conj/Hex       1%         3d6       86%         4
 Leda's Liquefaction      Hex/Erth       1%         N/A       86%         4


Dungeon Overview and Level Annotations

Branches:
Dungeon (3/15)

Altars:

Shops:
D:1 (

Annotations:
D:3 Ijyb


Innate Abilities, Weirdness & Mutations

You cannot wear most types of armour.
You are amphibious.
You can wear up to eight rings at the same time.
Your skin changes colour to match your surroundings (Stealth+).
Your rubbery body absorbs attacks. (AC +1, EV +1)
((You are camouflaged near water. (Stealth+)))
You have tentacles for arms and can constrict up to eight enemies at once.


Message History

There is an open door here.
You now have 129 gold pieces (gained 13).
You open the door.
There is an open door here.
Ijyb the Twisted Goblin comes into view.
She is wielding a +0 club and carrying a wand of acid (6).
Ijyb is nearby!
Ijyb is nearby!
Ijyb is nearby!
Ijyb is nearby!
Ijyb is nearby!
Ijyb is nearby!
Ijyb is nearby!
Ijyb is nearby!
Ijyb is nearby!
You see here a scroll labelled QYTEUKANNU.
q - a scroll labelled QYTEUKANNU Ijyb shouts!
Ijyb screams, "You nasty!
Big nasty!"
Ijyb hits you with a +0 club.
You barely miss Ijyb. Your grab misses Ijyb. You squeeze Ijyb.
Ijyb is lightly wounded.
Ijyb zaps a wand.
The bolt of acid hits you!!
Ouch! That really hurt!
* * * LOW HITPOINT WARNING * * *
The acid corrodes you!
Sorry, you're not good enough to have a special ability.
Sorry, you're not good enough to have a special ability.
Casting: Searing Ray (safe; 17% risk of failure)
Confirm with . or Enter, or press ? or * to list all spells.
Okay, then.
It was a potion of attraction.
You feel attractive to monsters. You block Ijyb's attack.
It was a potion of flight.
You feel very buoyant.
You fly up into the air.
Ijyb zaps a wand.
The bolt of acid misses you.
It was a potion of invisibility.
You fade into invisibility!
Ijyb hits you with a +0 club.
You die...

### ##'## #.# #.# ##.##
#### ##...## ..#
#.....# #.#######...##
#.###.#...# ##.########
#....g@...###..........
#####.#........########
#.########.# #.# #.#
... #.# ##. #.# . #.#
.# #.# #.#


You could see Ijyb.

Vanquished Creatures
  Terence (D:3)
  4 adders
  3 dart slugs
  An orc (D:2)
  6 endoplasms
  6 goblins
  3 hobgoblins (D:1)
  4 jackals (D:3)
  6 kobolds
  3 ball pythons
  A bat (D:1)
  3 frilled lizards
  A rat (D:1)
42 creatures vanquished.

Notes
Turn   | Place    | Note
-------+----------+-------------------------------------------
     0 | D:1      | enile the Octopode Wanderer began the quest for the Orb.
     0 | D:1      | enile set off with the following items: a +0 dagger, a
                  | potion of lignification, a +0 hat, a +2 buckler
     0 | D:1      | Reached XP level 1. HP: 14/14 MP: 2/2
   287 | D:1      | Reached skill level 1 in Short Blades
   289 | D:1      | Reached XP level 2. HP: 19/19 MP: 3/3
   428 | D:1      | Found Ovvol's Antique Weapon Boutique.
   479 | D:1      | Learned a level 2 spell: Searing Ray
   836 | D:1      | Reached skill level 1 in Conjurations
  1077 | D:2      | Reached XP level 3. HP: 24/24 MP: 1/4
  1693 | D:2      | Learned a level 2 spell: Passwall
  1870 | D:2      | Reached XP level 4. HP: 29/29 MP: 1/6
  2422 | D:3      | Noticed Terence
  2434 | D:3      | Killed Terence
  2435 | D:3      | Reached skill level 1 in Earth Magic
  2703 | D:3      | Noticed Ijyb
  2715 | D:3      | Slain by Ijyb

Illustrated notes

Levels and vault maps discovered:
D:1:      dpeg_arrival_three_same_balls, layout_basic, serial_shops, shop,
          minmay_hexomino_f4
D:2:      layout_basic, supply_closet_lemuel
D:3:      layout_loops_corners, serial_shops, shop,
          hellmonk_ecumenical_altar_arch_garden, uniq_ijyb, uniq_terence

Skill      XL: |  1  2  3  4 |
---------------+-------------+-----
Stealth        | 3 4 |  4.0
Short Blades   | 1 |  1.0
Conjurations   | 1 2 |  2.0
Spellcasting   | 2 |  2.0
Earth Magic    | 2 |  2.0
Fighting       | |  2.0
Shields        | |  5.0

Action                   |  1- 3 |  4- 6 || total
-------------------------+-------+-------++-------
Melee: Dagger            |    63 |    26 ||    89
       Constrict         |    12 |     4 ||    16
       Tentacles         |     8 |     5 ||    13
 Cast: Searing Ray       |    14 |     6 ||    20
  Use: Potion            |       |     3 ||     3
 Stab: Sleeping          |     6 |     2 ||     8
Armor: Skin              |     4 |     5 ||     9
Dodge: Dodged            |    15 |    13 ||    28
Block: Buckler           |    11 |     8 ||    19

Table legend: (Time is in decaauts)
 A = Elapsed time spent in this place.
 B = Non-inter-level travel time spent in this place.
 C = Inter-level travel time spent in this place.
 D = Time resting spent in this place.
 E = Time spent auto-exploring this place.
 F = Levels seen in this place.
 G = Mean time per level.
                   A        B        C        D        E       F      G
               +--------+--------+--------+--------+--------+-----+--------+
         Total |   2710 |   2580 |    130 |      0 |   2288 |   3 |  903.3 |
       Dungeon |   2710 |   2580 |    130 |      0 |   2288 |   3 |  903.3 |
               +--------+--------+--------+--------+--------+-----+--------+

Top non-repeatable levels by time:
     D:2: 1210 daAuts
     D:1: 1071 daAuts
     D:3: 428 daAuts
